 Dungeon Crawl Stone Soup version 0.25.1-4-g9407a263a5 (webtiles) character file.

Game seed: 2172162004847932832

134 H0rd4k the Charlatan (level 5, -2/37 HPs)
             Began as a Human Artificer on Nov 26, 2020.
             Slain by an orc wizard
             ... wielding a +2 dagger of freezing
              (3 damage)
             ... on level 3 of the Dungeon.
             The game lasted 00:04:27 (2733 turns).

H0rd4k the Charlatan (Human Artificer)              Turns: 2733, Time: 00:04:27

Health: -2/37      AC:  3    Str: 13    XL:     5   Next: 40%
Magic:  7/7        EV: 12    Int: 12    God:
Gold:   73         SH:  0    Dex: 13    Spells: 4/4 levels left

rFire    . . .     SeeInvis .   m - +0 dagger (venom)
rCold    . . .     Gourm    .   (no shield)
rNeg     . . .     Faith    .   b - +0 leather armour
rPois    .         Spirit   .   (no helmet)
rElec    .         Reflect  .   (no cloak)
rCorr    .         Harm     .   (no gloves)
MR       .....                  (no boots)
Stlth    +.........             (no amulet)
HPRegen  0.12/turn              (no ring)
MPRegen  0.10/turn              (no ring)

@: confused
A: no striking features
a: no special abilities


You were on level 3 of the Dungeon.
You were very hungry.

You visited 1 branch of the dungeon, and saw 3 of its levels.

You collected 73 gold pieces.

Inventory:

Hand Weapons
 a - a +0 short sword
 m - a +0 dagger of venom (weapon)
Missiles
 j - 10 poisoned darts (quivered)
Armour
 b - a +0 leather armour (worn)
Wands
 c - a wand of flame (13)
 d - a wand of enslavement (14)
 e - a wand of random effects (15)
Scrolls
 k - a scroll of teleportation
 l - 2 scrolls of identify
Potions
 g - 3 potions of might {unknown}
 h - a potion of haste {unknown}
 o - a potion of stabbing {unknown}
Comestibles
 f - 7 rations


   Skills:
 + Level 1.3 Fighting
 + Level 2.2 Short Blades
 + Level 0.1 Throwing
 + Level 1.7 Armour
 + Level 3.0 Dodging
 + Level 1.2 Stealth
 + Level 3.8 Evocations


You had 4 spell levels left.
You didn't know any spells.
Your spell library was empty.

Dungeon Overview and Level Annotations

Branches:
Dungeon (3/15)

Altars:
Okawaru


Message History

The orc wizard is severely wounded.
The orc wizard hits you but does no damage.
The orc hits you. The orc priest barely misses you.
You closely miss the orc wizard.
The orc wizard is severely wounded.
The orc wizard points at you and mumbles some strange words.
The puff of flame hits you!
* * * LOW HITPOINT WARNING * * *
The orc hits you.
* * * LOW HITPOINT WARNING * * *
The orc priest hits you but does no damage.
You barely miss the orc wizard.
The orc wizard is severely wounded.
The orc wizard casts a spell at you.
You are confused.
The orc hits you but does no damage.
You bump into the rock wall.
The orc priest hits you with a +0 club.
* * * LOW HITPOINT WARNING * * *
The orc wizard hits you with a +2 dagger of freezing.
You die...

#..# #.# # #..#
#.# ## # #..#
#. ##.###..##
## .....(.†.##
# ##........# #
#.##...)## #
.......?o#### #
##.##..o@ol.# #
# #...###..#
#.#########
#...#.
...........<...
#.....
.##############
#..#.. .# #. #.
##


You could see an orc priest, an orc wizard (poisoned), an orc and a frilled
lizard.

Vanquished Creatures
  An orc wizard (D:3)
  3 adders (D:2)
  3 dart slugs
  2 orcs (D:3)
  4 bats
  5 giant cockroaches
  11 goblins
  2 hobgoblins (D:2)
  8 jackals (D:1)
  7 kobolds
  A quokka (D:2)
  3 ball pythons (D:2)
  4 frilled lizards
  5 rats
59 creatures vanquished.

Vanquished Creatures (collateral kills)
  An adder (D:2)
1 creature vanquished.

Grand Total: 60 creatures vanquished

Notes
Turn   | Place    | Note
-------+----------+-------------------------------------------
     0 | D:1      | H0rd4k the Human Artificer began the quest for the Orb.
     0 | D:1      | Reached XP level 1. HP: 15/15 MP: 3/3
   172 | D:1      | Reached XP level 2. HP: 20/21 MP: 4/4
   360 | D:1      | Reached XP level 3. HP: 12/26 MP: 5/5
  1038 | D:2      | Reached XP level 4. HP: 12/32 MP: 6/6
  2086 | D:2      | Found an iron altar of Okawaru.
  2368 | D:2      | Reached skill level 1 in Armour
  2532 | D:3      | Reached XP level 5. HP: 23/37 MP: 7/7
  2733 | D:3      | HP: 1/37 [orc priest/+0 club (2)]
  2733 | D:3      | Slain by an orc wizard

Illustrated notes

Levels and vault maps discovered:
D:1:      lightli_iron_boxes, layout_rooms
D:2:      layout_rooms, lemuel_crystal_altar, minmay_shallow_snake_nest
D:3:      layout_loops_ring, tgw_fedhas, first_ration

Skill      XL: |  1  2  3  4 |
---------------+-------------+-----
Armour         | 1 |  1.7
Dodging        | 3 |  3.0
Short Blades   | 2 |  2.2
Fighting       | |  1.3
Throwing       | |  0.1
Stealth        | |  1.2
Evocations     | |  3.8

Action                   |  1- 3 |  4- 6 || total
-------------------------+-------+-------++-------
Melee: Short sword       |   125 |   129 ||   254
       Dagger            |       |    26 ||    26
Throw: Dart              |     1 |     6 ||     7
Evoke: Wand              |     1 |     2 ||     3
  Use: Scroll            |     4 |       ||     4
       Potion            |       |     2 ||     2
 Stab: Sleeping          |       |     1 ||     1
  Eat: Chunk             |       |     5 ||     5
Armor: Leather armour    |    35 |    45 ||    80
Dodge: Dodged            |    98 |   111 ||   209
